 Dungeon Crawl Stone Soup version 0.29-a0-653-gd47aff6735 (webtiles) character file.

Game seed: 14907850741596896116

13247 zeratav the Marksspriggan (level 11, -8/62 HPs)
             Began as a Spriggan Arcane Marksman on June 21, 2022.
             Was an Elder of Dithmenos.
             Killed from afar by a manticore (16 damage)
             ... with a volley of spikes
             ... on level 12 of the Dungeon on June 22, 2022.
             The game lasted 00:37:31 (18019 turns).

zeratav the Marksspriggan (SpAM)                   Turns: 18019, Time: 00:37:31

Health: -8/62      AC:  3    Str:  6    XL:     11   Next: 73%
Magic:  14/14      EV: 24    Int: 16    God:    Dithmenos [****..]
Gold:   610        SH:  0    Dex: 19    Spells: 11/12 levels left

rFire   + . .      SeeInvis +   a - +0 shortbow {bow}
rCold   + . .      Faith    .   (shield currently unavailable)
rNeg    . . .      Spirit   .   e - +1 robe {Will+}
rPois   .          Reflect  .   (helmet restricted)
rElec   .          Harm     .   r - scarf {rC+ rF+}
rCorr   .          Rampage  .   (gloves unavailable)
Will    ++...                   (boots unavailable)
Stlth   +++++.....              j - amulet of the acrobat
HPRegen 0.20/turn               w - ring of wizardry
MPRegen 0.14/turn               (no ring)

@: about to teleport, spiked, wreathed by umbra, very quick
A: very small, no large weapons, unfitting armour, see invisible, speed 3
a: Renounce Religion, Shadow Step


You were on level 12 of the Dungeon.
You worshipped Dithmenos.
Dithmenos was greatly pleased with you.
You visited 2 branches of the dungeon, and saw 14 of its levels.
You also visited: Bailey.

You collected 610 gold pieces.


Innate Abilities, Weirdness & Mutations

You are very small and have problems with some larger weapons.
You are too small for most types of armour.
You have supernaturally acute eyesight. (SInv)
You cover ground extremely quickly. (Speed+++)


   Skills:
 + Level 9.1 Fighting
 - Level 16.0 Bows
 - Level 10.0 Dodging
 - Level 5.0 Stealth
 - Level 1.3 Spellcasting
 - Level 3.6 Hexes


You had 11 spell levels left.
You knew the following spells:

 Your Spells              Type           Power      Damage    Failure   Level
a - Slow                  Hex            48%        N/A       1%          1

Your spell library contained the following spells:

 Spells                   Type           Power      Damage    Failure   Level
 Inner Flame              Hex/Fire       6%         N/A       13%         3
 Portal Projectile        Hex/Tloc       12%        N/A       13%         3
 Cause Fear               Hex            6%         N/A       21%         4
 Swiftness                Air            1%         N/A       26%         3

Inventory:

Hand Weapons
 a - a +0 shortbow (weapon) {bow}
 b - a +2 rapier of speed {short}
   (You took it off Duvessa on level 6 of the Dungeon)
 B - the +5 hand crossbow of Dithmenos's Hope {elec, Dex+4, crossbow}
   (You found it in a bailey)

   Any ammunition fired from it occasionally discharges a powerful burst of
   electricity upon striking a foe.
   Dex:       It affects your dexterity (+4).
 E - a +3 dagger {short}
   (You took it off a wight on level 10 of the Dungeon)
Armour
 e - a +1 robe of willpower (worn)
   (You took it off a wight on level 6 of the Dungeon)
 r - a scarf of resistance (worn)
   (You found it on level 8 of the Dungeon)
Jewellery
 j - an amulet of the acrobat (around neck)
   (You found it on level 2 of the Dungeon)
 w - a ring of wizardry (left hand)
   (You took it off a kobold on level 9 of the Dungeon)
Wands
 f - a wand of flame (1)
   (You took it off Maurice on level 9 of the Dungeon)
 s - a wand of mindburst (10)
   (You found it on level 9 of the Dungeon)
Scrolls
 c - 3 scrolls of vulnerability {!r!r}
 g - 9 scrolls of poison {!r}
 h - a scroll of summoning
 k - 2 scrolls of magic mapping {!r}
 l - 4 scrolls of teleportation {@r4}
 m - 2 scrolls of amnesia
 n - 4 scrolls of immolation {!r!r}
 x - 4 scrolls of enchant armour
 z - 5 scrolls of identify {@r1}
 A - a scroll of silence {!r}
Potions
 d - 3 potions of mutation {!q}
 i - a potion of might {unknown}
 o - 6 potions of curing {unknown}
 p - 2 potions of invisibility {unknown}
 q - a potion of brilliance {unknown}
 t - 2 potions of heal wounds {unknown}
 u - 3 potions of flight {unknown}
 v - a potion of lignification {unknown}
Miscellaneous
 y - a phantom mirror (inert)
   (You found it on level 10 of the Dungeon)

Dungeon Overview and Level Annotations

Branches:
Dungeon (13/15) Zot: 26805  Temple (1/1) D:4 Zot: 5844    Lair (0/6) D:10
 Bailey (visited)
    Orc: D:9-12      Vaults: D:13-14

Altars:
Ashenzari
Cheibriados
Dithmenos
Elyvilon
Fedhas
Gozag
Hepliaklqana
Kikubaaqudgha
Makhleb
Nemelex Xobeh
Okawaru
Qazlal
Ru
Sif Muna
Trog
Uskayaw
Vehumet
Wu Jian
Xom
Yredelemnul
Zin
The Shining One

Shops:
D:9 [   D:10 :   D:12 (

Annotations:
D:10 exclusion: oklob plant

###.####+#..# ###
#...........# ...
#.....♣.....# ....
#.....♣♣♣H..# .....
#.....♣♣♣♣..##.....
#..............#
#....§H♣♣♣.o...#
.c.##.§§§§♣♣♣♣♣....#
#....§§@§♣♣♣......#
...##.T§§§o).......#
.....#####§..#.....#
..... #...#.....#
####. #...#####.#
#...# .# #...# .#
#...# #...#


You could see a manticore, a troll and an orc.


Message History

Press: ? - help, Q - select action, (/) - cycle Shift-Dir - straight line, f/p - slime creature
Aim: a slime creature (severely wounded, umbra, 87% to hit)
You shoot an arrow. The arrow hits the slime creature.
Shoot: a) +0 shortbow {bow}
Press: ? - help, Q - select action, (/) - cycle Shift-Dir - straight line, f/p - slime creature
Aim: a slime creature (almost dead, umbra, 87% to hit)
You shoot an arrow. The arrow hits the slime creature!
Shoot: a) +0 shortbow {bow}
Press: ? - help, Q - select action, (/) - cycle Shift-Dir - straight line, f/p - slime creature
Aim: a slime creature (almost dead, umbra, 87% to hit)
You shoot an arrow.
The arrow barely misses the slime creature.
The manticore flicks its tail.
The volley of spikes misses you.
Shoot: a) +0 shortbow {bow}
Press: ? - help, Q - select action, (/) - cycle Shift-Dir - straight line, f/p - slime creature
Aim: a slime creature (almost dead, umbra, 87% to hit)
You shoot an arrow. The arrow hits the slime creature!
You kill the slime creature!
Dithmenos accepts your kill.
Shoot: a) +0 shortbow {bow}
Press: ? - help, Q - select action, (/) - cycle Shift-Dir - straight line, f - orc wizard
Aim: an orc wizard, wielding a +0 dagger and wearing a +0 robe (slightly transparent, umbra, 67% to hit)
You shoot an arrow.
The arrow closely misses the orc wizard.
The orc wizard casts a spell at you. The magic dart hits you!
HP[-9]
You take 9 damage, and now have 53/62 hp.
Shoot: a) +0 shortbow {bow}
Press: ? - help, Q - select action, (/) - cycle Shift-Dir - straight line, f/p - orc wizard
Aim: an orc wizard, wielding a +0 dagger and wearing a +0 robe (slightly transparent, umbra, 67% to hit)
You shoot an arrow. The arrow hits the orc wizard.
Your shadow shoots an arrow.
The arrow hits the orc wizard.
The orc wizard gestures at you while chanting.
The magic dart hits you!
HP[-9]
You take 9 damage, and now have 44/62 hp.
The orc wizard gestures at you while chanting.
The puff of flame misses you.
HP[+1] Shoot: a) +0 shortbow {bow}
Press: ? - help, Q - select action, (/) - cycle Shift-Dir - straight line, f/p - orc wizard
Aim: an orc wizard, wielding a +0 dagger and wearing a +0 robe (almost dead, slightly transparent, 67% to hit)
You shoot an arrow. The arrow barely misses the orc wizard.
Shoot: a) +0 shortbow {bow}
Press: ? - help, Q - select action, (/) - cycle Shift-Dir - straight line, f/p - orc wizard
Aim: an orc wizard, wielding a +0 dagger and wearing a +0 robe (almost dead, slightly transparent, umbra, 67% to hit)
You shoot an arrow.
The arrow closely misses the orc wizard.
Shoot: a) +0 shortbow {bow}
Press: ? - help, Q - select action, (/) - cycle Shift-Dir - straight line, f/p - orc wizard
Aim: an orc wizard, wielding a +0 dagger and wearing a +0 robe (almost dead, slightly transparent, umbra, 67% to hit)
You shoot an arrow.
The arrow hits the orc wizard but does no damage.
A troll comes into view.
Shoot: a) +0 shortbow {bow}
Press: ? - help, Q - select action, (/) - cycle Shift-Dir - straight line, f/p - orc wizard
Aim: an orc wizard, wielding a +0 dagger and wearing a +0 robe (almost dead, slightly transparent, umbra, 67% to hit)
You shoot an arrow.
The arrow closely misses the orc wizard.
The troll shouts!
The arrow hits the orc but does no damage.
You hear a shout! x2
Shoot: a) +0 shortbow {bow}
Press: ? - help, Q - select action, (/) - cycle Shift-Dir - straight line, f/p - orc wizard
Aim: an orc wizard, wielding a +0 dagger and wearing a +0 robe (almost dead, slightly transparent, umbra, 67% to hit)
You shoot an arrow. The arrow hits the orc wizard!
You kill the orc wizard!
Dithmenos accepts your kill.
A centaur comes into view.
The manticore flicks its tail.
The volley of spikes hits you!!
The barbed spikes become lodged in your body.
* * * LOW HITPOINT WARNING * * *
HP[-20]
You take 20 damage, and now have 25/62 hp.
MASSIVE DAMAGE!! (PAUSE)
As you read the scroll of teleportation {@r4}, it crumbles to dust.
You feel strangely unstable.
The centaur wields a +0 shortbow.
The centaur shoots an arrow.
The arrow misses you.
The manticore flicks its tail.
The volley of spikes hits you!!
The barbed spikes become lodged in your body.
* * * LOW HITPOINT WARNING * * *
The centaur shoots an arrow.
The arrow closely misses you.
HP[-17]
You take 17 damage, and now have 8/62 hp.
MASSIVE DAMAGE!! (PAUSE)
As you read the scroll of fog, it crumbles to dust.
The scroll dissolves into smoke.
Shoot: a) +0 shortbow {bow}
Press: ? - help, Q - select action, (/) - cycle Shift-Dir - straight line, f - manticore
Aim: a manticore (umbra, 80% to hit)
You shoot an arrow. The arrow hits the manticore!
The manticore flicks its tail.
The volley of spikes hits you!
The barbed spikes become lodged in your body.
You die...

Skill      XL: |  1  2  3  4  5  6  7  8  9 10 11 |
---------------+----------------------------------+-----
Bows           | 3 4 5 6 8 9 10 13 16 | 16.0
Stealth        | 5 |  5.0
Dodging        | 5 10 | 10.0
Fighting       | 5 9 |  9.1
Spellcasting   | |  1.3
Hexes          | |  3.6

Action                   |  1- 3 |  4- 6 |  7- 9 | 10-12 || total
-------------------------+-------+-------+-------+-------++-------
 Fire: Shortbow          |    97 |   180 |   386 |   791 ||  1454
       Hand crossbow     |       |       |       |     6 ||     6
 Cast: Slow              |     2 |     7 |    22 |    26 ||    57
Evoke: Wand              |       |       |    22 |    15 ||    37
       Phantom mirror    |       |       |       |     1 ||     1
  Use: Scroll            |       |       |    13 |     4 ||    17
Armor: Robe              |     3 |     5 |    10 |     7 ||    25
Dodge: Dodged            |    18 |    47 |   108 |   269 ||   442

Levels and vault maps discovered:
D:1:      giann_bridges, layout_loops_ring, nicolae_ecumenical_snake_handling,
          grunt_decor_junction, hangedman_decor_growths
D:2:      layout_basic, kennysheep_generic_room_3
D:3:      minmay_wonky_spiral, layout_loops_ring
D:4:      layout_basic, minmay_temple_entry_butterflies
D:5:      layout_gridville
D:6:      layout_rooms, minmay_fractal_squares_gapless_5, uniq_duvessa
D:7:      layout_loops_corners, mainiacjoe_overflow_surrounded_room
D:8:      layout_gridville, uniq_joseph
D:9:      layout_long_grid, serial_shops, nicolae_shop_hallway_plus,
          kennysheep_cross_room, uniq_grum, uniq_maurice
D:10:     layout_layer_cave, dpeg_oklobed_lair, serial_shops, shop,
          enter_bailey_5, patterned_corridor
D:11:     layout_roguey, serial_aquarium, aquarium_bridge_straight
          [aquarium_subvault_bridge, aquarium_subvault_wall,
          aquarium_subvault_bridge, aquarium_subvault_wall],
          aquarium_bridge_square [aquarium_subvault_bridge,
          aquarium_subvault_bridge, aquarium_subvault_bridge,
          aquarium_subvault_wall], aquarium_window_1, aquarium_window_fake,
          aquarium_window_1, aquarium_view_2b, aquarium_balcony_3b
D:12:     layout_basic, orc_0_dummy, serial_shops, nicolae_shop_hallway_plus,
          minmay_circle_x
D:13:     layout_cave_pools, hangedman_vaults_entry_quadrant_bands
Temple:   regret_index_temple_sigil_plot

Notes
Turn   | Place    | Note
-------+----------+-------------------------------------------
     0 | D:1      | zeratav the Spriggan Arcane Marksman began the quest for
                  | the Orb.
     0 | D:1      | Reached XP level 1. HP: 9/9 MP: 3/3
     0 | D:1      | magus.rc [v1.9.6]
    78 | D:1      | Found a faded altar of an unknown god.
   160 | D:1      | Reached skill level 3 in Bows
   212 | D:1      | Reached XP level 2. HP: 14/14 MP: 5/5
   405 | D:1      | Reached skill level 4 in Bows
   865 | D:2      | Reached XP level 3. HP: 17/17 MP: 6/6
   992 | D:2      | Reached skill level 5 in Bows
  1258 | D:2      | Reached XP level 4. HP: 21/21 MP: 7/7
  1740 | D:3      | Reached skill level 6 in Bows
  2573 | D:4      | Noticed a phantom
  2782 | D:4      | Reached XP level 5. HP: 25/25 MP: 8/8
  3164 | D:4      | Reached skill level 7 in Bows
  3239 | D:4      | Noticed an ogre
  3254 | D:4      | Killed an ogre
  3255 | D:4      | Reached skill level 8 in Bows
  3255 | D:4      | Reached XP level 6. HP: 27/29 MP: 9/9
  3795 | D:4      | Reached skill level 9 in Bows
  3795 | D:4      | Reached XP level 7. HP: 32/32 MP: 10/10
  3819 | D:4      | Found a staircase to the Ecumenical Temple.
  3982 | Temple   | Entered the Ecumenical Temple
  4222 | Temple   | Became a worshipper of Dithmenos the Shadowed
  4326 | D:5      | Entered Level 5 of the Dungeon
  4632 | D:5      | Reached skill level 10 in Bows
  4632 | D:5      | Reached skill level 2 in Stealth
  4998 | D:5      | Reached skill level 3 in Stealth
  5015 | D:5      | Reached skill level 4 in Stealth
  5381 | D:5      | Reached skill level 5 in Stealth
  5405 | D:6      | Reached XP level 8. HP: 35/37 MP: 11/11
  5476 | D:5      | Reached skill level 11 in Bows
  5774 | D:6      | HP: 5/37 [centaur/arrow (9)]
  6245 | D:6      | Reached skill level 12 in Bows
  6621 | D:6      | Reached skill level 13 in Bows
  6624 | D:6      | HP: 7/37 [white imp/puff of frost (9)]
  6957 | D:6      | Reached * piety under Dithmenos
  6967 | D:6      | Noticed Duvessa
  7019 | D:6      | Killed Duvessa
  7020 | D:6      | Reached XP level 9. HP: 40/40 MP: 8/12
  7029 | D:6      | Noticed Dowan
  7035 | D:6      | Killed Dowan
  7492 | D:7      | Reached skill level 14 in Bows
  7867 | D:7      | Found a glowing silver altar of Zin.
  8142 | D:7      | Noticed a gargoyle
  8255 | D:7      | Killed a gargoyle
  8256 | D:7      | Reached skill level 15 in Bows
  8577 | D:7      | HP: 7/40 [steam dragon/ball of steam (14)]
  8581 | D:7      | Reached ** piety under Dithmenos
  8949 | D:8      | Noticed Joseph
  8952 | D:8      | HP: 10/40 [Joseph/sling bullet (20)]
  9050 | D:8      | HP: 4/40 [Joseph/sling bullet (17)]
  9343 | D:8      | Killed Joseph
  9344 | D:8      | Reached skill level 16 in Bows
  9344 | D:8      | Reached skill level 4 in Dodging
  9767 | D:8      | Reached skill level 5 in Dodging
 10087 | D:9      | Found Ixoinit's Antique Armour Boutique.
 10101 | D:9      | Noticed Grum
 10116 | D:9      | Reached XP level 10. HP: 44/44 MP: 13/13
 10147 | D:9      | Killed Grum
 10148 | D:9      | Reached skill level 6 in Dodging
 10349 | D:9      | Reached skill level 7 in Dodging
 10410 | D:9      | Reached skill level 8 in Dodging
 10707 | D:9      | Reached skill level 9 in Dodging
 10810 | D:9      | Reached skill level 10 in Dodging
 10810 | D:9      | Reached skill level 1 in Fighting
 10819 | D:9      | Reached skill level 2 in Fighting
 11008 | D:9      | Reached skill level 3 in Fighting
 11349 | D:8      | HP: 12/49 [poisoned by a killer bee]
 11703 | D:9      | Noticed Maurice
 11721 | D:9      | Killed Maurice
 11722 | D:9      | Reached skill level 4 in Fighting
 11981 | D:10     | Entered Level 10 of the Dungeon
 12061 | D:10     | Reached skill level 5 in Fighting
 12100 | D:10     | Reached XP level 11. HP: 56/56 MP: 14/14
 12173 | D:10     | Found a staircase to the Lair.
 12173 | D:10     | Noticed an oklob plant
 12416 | D:10     | Reached *** piety under Dithmenos
 12476 | D:10     | Found a flagged portal.
 12493 | Bailey   | Entered a bailey
 13446 | Bailey   | Reached skill level 6 in Fighting
 13529 | Bailey   | Noticed an orc knight
 13686 | Bailey   | Killed an orc knight
 13818 | Bailey   | Identified the +5 hand crossbow of Dithmenos's Hope {elec,
                  | Dex+4}
 14570 | D:10     | HP: 1/58 [oklob plant/splash of acid (29)]
 16004 | D:10     | Reached skill level 7 in Fighting
 16279 | D:10     | Got the Grimoire of the Enchanting Birds
 16312 | D:10     | Reached **** piety under Dithmenos
 16423 | D:10     | Found Dik Fani's Book Boutique.
 16897 | D:11     | Noticed a sea snake
 17164 | D:11     | HP: 12/60 [manticore (5)]
 17166 | D:11     | Reached skill level 8 in Fighting
 17679 | D:11     | You fall into a shaft and drop 2 floors!
 17692 | D:13     | Noticed a deep elf pyromancer
 17712 | D:13     | Noticed a two-headed ogre
 17742 | D:13     | Killed a two-headed ogre
 17751 | D:12     | Found Fiul Cyzxac's Weapon Emporium.
 17768 | D:12     | Noticed a deep elf pyromancer
 17914 | D:12     | Reached skill level 9 in Fighting
 18017 | D:12     | HP: 8/62 [manticore/volley of spikes (18)]
 18019 | D:12     | Killed from afar by a manticore

Vanquished Creatures
  A two-headed ogre (D:13)
  An orc knight (Bailey)
  A manticore (D:11)
  Joseph (D:8)
  Maurice (D:9)
  A gargoyle (D:7)
  2 komodo dragons
  3 slime creatures (D:12)
  A wraith (D:10)
  22 yaks
  Grum (D:9)
  A steam dragon (D:7)
  A vampire mosquito (D:12)
  2 acid dragons (D:9)
  2 water moccasins
  Duvessa (D:6)
  2 black bears
  9 orc warriors
  2 sky beasts
  2 ogres
  2 wolves (D:9)
  5 centaurs
  A phantom (D:4)
  4 kobold brigands
  5 bullfrogs
  2 necrophages
  5 scorpions
  3 gnoll sergeants
  17 wights
  Dowan (D:6)
  10 killer bees
  2 howler monkeys
  6 hounds
  2 orc priests
  6 iguanas
  3 orc wizards
  16 gnolls
  10 adders
  2 shadow imps (D:6)
  A white imp (D:6)
  5 worms
  2 dart slugs
  25 orcs
  5 endoplasms
  2 giant cockroaches (D:4)
  10 goblins
  6 hobgoblins
  4 jackals (D:4)
  23 kobolds
  2 quokkas
  7 ball pythons
  5 bats
  2 frilled lizards (D:1)
  5 rats
263 creatures vanquished.

Vanquished Creatures (collateral kills)
  A steam dragon (D:9)
  A bullfrog (D:9)
  A killer bee (D:9)
  7 kobolds (D:9)
10 creatures vanquished.

Vanquished Creatures (others)
  8 plants (D:10)
8 creatures vanquished.

Grand Total: 281 creatures vanquished

Table legend:
 A = Non-vault XP
 B = Vault XP
 C = Vault XP percentage of total XP
 D = Non-vault monster count
 E = Vault monster count
 F = Vault count percentage of total count
                 A         B        C        D         E       F
            +---------+---------+-------+---------+---------+-------
      Total |   14931 |    3994 |  21.1 |     231 |      42 |  15.4
            +---------+---------+-------+---------+---------+-------
        D:1 |      37 |       2 |   5.1 |      22 |       2 |   8.3
        D:2 |      87 |       0 |   0.0 |      17 |       0 |   0.0
        D:3 |      44 |      17 |  27.9 |      12 |       2 |  14.3
        D:4 |     587 |       0 |   0.0 |      27 |       0 |   0.0
        D:5 |     737 |       0 |   0.0 |      13 |       0 |   0.0
        D:6 |    1063 |     465 |  30.4 |      24 |       7 |  22.6
        D:7 |    1523 |       0 |   0.0 |      16 |       0 |   0.0
        D:8 |     775 |     475 |  38.0 |      11 |       1 |   8.3
        D:9 |    3555 |     847 |  19.2 |      31 |       4 |  11.4
       D:10 |    3996 |       7 |   0.2 |      43 |       4 |   8.5
       D:11 |     910 |       0 |   0.0 |       3 |       0 |   0.0
       D:12 |     793 |     474 |  37.4 |      11 |       2 |  15.4
       D:13 |     824 |       0 |   0.0 |       1 |       0 |   0.0
     Bailey |       0 |    1707 | 100.0 |       0 |      20 | 100.0
            +---------+---------+-------+---------+---------+-------

Illustrated notes

Table legend:
 A = Kills in this place as a percentage of kills in entire the game.
 B = Kills by you in this place as a percentage of kills by you in the entire game.
 C = Kills by friends in this place as a percentage of kills by friends in the entire game.
 D = Other kills in this place as a percentage of other kills in the entire game.
 E = Experience gained in this place as a percentage of experience gained in the entire game.
 F = Experience gained in this place divided by the number of levels of this place that you have seen.
                   A       B       C       D       E      F
               +-------+-------+-------+-------+-------+----------------------
         Total | 100.0 | 100.0 | 100.0 |   N/A | 100.0 | 1261.7
       Dungeon |  92.7 |  92.4 | 100.0 |   N/A |  91.0 | 1324.5
        Bailey |   7.3 |   7.6 |   0.0 |   N/A |   9.0 | 1707.0
               +-------+-------+-------+-------+-------+----------------------

Table legend: (Time is in decaauts)
 A = Elapsed time spent in this place.
 B = Non-inter-level travel time spent in this place.
 C = Inter-level travel time spent in this place.
 D = Time resting spent in this place.
 E = Time spent auto-exploring this place.
 F = Levels seen in this place.
 G = Mean time per level.
                   A        B        C        D        E       F      G
               +--------+--------+--------+--------+--------+-----+--------+
         Total |  14381 |  14074 |    307 |   5120 |   5924 |  15 |  958.7 |
       Dungeon |  13032 |  12748 |    284 |   4553 |   5701 |  13 | 1002.5 |
        Temple |    155 |    132 |     23 |      0 |    120 |   1 |  155.0 |
        Bailey |   1193 |   1193 |      0 |    566 |    103 |   1 | 1193.0 |
               +--------+--------+--------+--------+--------+-----+--------+

Top non-repeatable levels by time:
    D:10: 2828 daAuts
     D:7: 1353 daAuts
     D:5: 1352 daAuts
     D:6: 1207 daAuts
  Bailey: 1193 daAuts
     D:8: 1136 daAuts
     D:9: 1123 daAuts
     D:4: 1041 daAuts
     D:3: 906 daAuts
    D:11: 720 daAuts
     D:1: 594 daAuts
     D:2: 529 daAuts
    D:12: 194 daAuts
  Temple: 155 daAuts
    D:13: 45 daAuts
